 Dungeon Crawl Stone Soup version 0.29.1-2-gbd0b4ee654 (webtiles) character file.

Game seed: 17073138895918428064

2 Bombi the Firebug (level 1, 0/9 HPs)
             Began as a Spriggan Wanderer on Oct 27, 2022.
             Slain by a kobold
             ... wielding a +0 club
              (4 damage)
             ... on level 1 of the Dungeon.
             The game lasted 00:01:58 (105 turns).

Bombi the Firebug (Spriggan Wanderer)                Turns: 105, Time: 00:01:58

Health: 0/9        AC:  2    Str:  5    XL:     1   Next: 33%
Magic:  3/3        EV: 14    Int: 14    God:
Gold:   6          SH:  6    Dex: 16    Spells: 2/2 levels left

rFire   . . .      SeeInvis +   a - +0 dagger
rCold   . . .      Faith    .   d - +0 buckler
rNeg    . . .      Spirit   .   c - +0 robe
rPois   .          Reflect  .   (helmet restricted)
rElec   .          Harm     .   e - scarf {shadows}
rCorr   .          Rampage  .   (gloves unavailable)
Will    .....                   (boots unavailable)
Stlth   +.........              (no amulet)
HPRegen 0.03/turn               (no ring)
MPRegen 0.08/turn               (no ring)

@: very quick
A: very small, no large weapons, unfitting armour, see invisible, speed 3
a: no special abilities


You were on level 1 of the Dungeon.
You visited 1 branch of the dungeon, and saw 1 of its levels.

You collected 6 gold pieces.

Inventory:

Hand Weapons
 a - a +0 dagger (weapon)
Armour
 c - a +0 robe (worn)
 d - a +0 buckler (worn)
 e - a scarf of shadows (worn)
Scrolls
 b - a scroll of summoning
 f - a scroll of teleportation


   Skills:
 + Level 1.3 Shields
 + Level 1.3 Spellcasting
 + Level 2.6 Necromancy
 + Level 3.4 Fire Magic


You had 2 spell levels left.
You didn't know any spells.
Your spell library contained the following spells:

 Spells                   Type           Power      Damage    Failure   Level
 Necrotise                Necr           32%        1d5       19%         1
 Foxfire                  Conj/Fire      20%        2x1d5     26%         1
 Vampiric Draining        Necr           8%         2d6       47%         3
 Inner Flame              Hex/Fire       5%         N/A       63%         3
 Flame Wave               Conj/Fire      5%         2d5       95%         4


Dungeon Overview and Level Annotations

Branches:
Dungeon (1/15)

Altars:


Innate Abilities, Weirdness & Mutations

You are very small and have problems with some larger weapons.
You are too small for most types of armour.
You have supernaturally acute eyesight. (SInv)
You cover ground extremely quickly. (Speed+++)


Message History

The rat bites you but does no damage. The rat barely misses you.
You barely miss the rat. The bat misses you. You block the rat's attack.
You hit the rat.
The rat is heavily wounded.
The bat hits you but does no damage. The rat bites you but does no damage.
You hit the rat.
You kill the rat!
You block the bat's attack.
You see here a rat corpse.
You block the bat's attack. The bat hits you but does no damage.
The bat barely misses you.
You hit the bat.
The bat is moderately wounded.
The bat hits you but does no damage.
You closely miss the bat.
The bat is moderately wounded.
The bat barely misses you. You block the bat's attack.
You closely miss the bat.
The bat is moderately wounded.
The bat closely misses you. The bat closely misses you.
You block the bat's attack.
You hit the bat.
You kill the bat!
You now have 6 gold pieces.
Welcome back, Bombi the Spriggan Wanderer.
Press ? for a list of commands and other information.
You see here a rat corpse.
A goblin comes into view. It is wielding a +0 club.
Found a stone staircase leading down.
A kobold comes into view. It is wielding a +0 club.
Found a helmet.
The kobold shouts!
The goblin shouts!
The kobold completely misses you.
You barely miss the kobold. You block the goblin's attack.
The kobold hits you with a +0 club.
You die...

#.[....###.###
#..........>..
#...........# #
#...........#.##
#..............#
#..Kg......##..#
#..@...........#
#............#
#............#
#......†.....#
####.......###
#.......#
######.......#
...........#.#
#####.....#.#


You could see a goblin and a kobold.

Vanquished Creatures
  A hobgoblin (D:1)
  A bat (D:1)
  A rat (D:1)
3 creatures vanquished.

Notes
Turn   | Place    | Note
-------+----------+-------------------------------------------
     0 | D:1      | Bombi the Spriggan Wanderer began the quest for the Orb.
     0 | D:1      | Bombi set off with the following items: a +0 dagger, a
                  | scroll of summoning, a +0 robe, a +0 buckler; and the
                  | following spells available to memorise: Necrotise, Foxfire,
                  | Vampiric Draining, Inner Flame, Flame Wave.
     0 | D:1      | Reached XP level 1. HP: 9/9 MP: 3/3
   105 | D:1      | Slain by a kobold

Illustrated notes

Levels and vault maps discovered:
D:1:      dpeg_arrival_morbid_curiosity, layout_basic,
          hellmonk_ecumenical_altar_zigzags

Action                   || total
-------------------------++-------
Melee: Dagger            ||    22
  Use: Scroll            ||     1
Armor: Robe              ||    12
Dodge: Dodged            ||    36
Block: Buckler           ||    16
